 Dungeon Crawl Stone Soup version 0.25-a0-670-g50981ef59b (webtiles) character file.

Game seed: 5185957266108424626, levelgen mode: deterministic

72 MisterFreud the Skirmisher (level 4, -1/44 HPs)
             Began as a Minotaur Abyssal Knight on Mar 29, 2020.
             Was a Believer of Lugonu.
             Slain by a gnoll
             ... wielding a +0 spear
              (9 damage)
             ... on level 2 of the Dungeon.
             The game lasted 00:01:44 (1092 turns).

MisterFreud the Skirmisher (MiAK)                   Turns: 1092, Time: 00:01:44

Health: -1/44      AC:  3    Str: 17    XL:     4   Next: 7%
Magic:  4/4        EV: 11    Int:  9    God:    Lugonu [**....]
Gold:   31         SH:  0    Dex: 10    Spells: 3/3 levels left

rFire    . . .     SeeInvis .   a - +1 falchion
rCold    . . .     Gourm    .   (no shield)
rNeg     . . .     Faith    .   b - +0 leather armour
rPois    .         Spirit   .   (helmet restricted)
rElec    .         Reflect  .   (no cloak)
rCorr    .         Harm     .   (no gloves)
MR       .....                  (no boots)
Stlth    +.........             (no amulet)
HPRegen  0.14/turn              (no ring)
MPRegen  0.09/turn              (no ring)

@: no status effects
A: retaliatory headbutt, horns 2
a: Depart the Abyss, Bend Space, Renounce Religion


You were on level 2 of the Dungeon.
You worshipped Lugonu.
Lugonu was pleased with you.
You were not hungry.

You visited 1 branch of the dungeon, and saw 2 of its levels.
You visited the Abyss 1 time.

You collected 31 gold pieces.

Inventory:

Hand Weapons
 a - a +1 falchion (weapon)
Missiles
 k - 42 arrows
 l - 29 stones (quivered)
 m - 55 bolts
 n - 2 datura-tipped darts
Armour
 b - a +0 leather armour (worn)
Scrolls
 d - a scroll of enchant weapon {unknown}
 g - 2 scrolls of identify {unknown}
 h - a scroll of magic mapping {unknown}
 i - a scroll of amnesia {unknown}
Potions
 e - a potion of heal wounds {unknown}
 f - a potion of curing
Comestibles
 c - a ration
 j - a chunk of flesh


   Skills:
 * Level 6.0 Fighting
 - Level 2.4 Long Blades
 - Level 2.4 Armour
 - Level 1.1 Dodging
 - Level 1.7 Invocations


You had 3 spell levels left.
You didn't know any spells.
Your spell library was empty.

Dungeon Overview and Level Annotations

Branches:
Dungeon (2/15)

Altars:


Innate Abilities, Weirdness & Mutations

You reflexively headbutt those who attack you in melee.
You have a pair of horns on your head.


Message History

Lugonu accepts your kill.
The gnoll hits you from afar with a +0 spear.
The gnoll barely misses you.
You riposte.
You hit the gnoll. Your headbutt misses the gnoll.
The gnoll is heavily wounded.
You barely miss the gnoll.
The gnoll is heavily wounded.
The gnoll hits you but does no damage.
You hit the gnoll. Your headbutt misses the gnoll.
The gnoll is severely wounded.
The gnoll hits you with a +0 spear!
* * * LOW HITPOINT WARNING * * *
You completely miss the gnoll.
The gnoll is severely wounded.
The gnoll hits you but does no damage. The gnoll hits you with a +0 spear.
* * * LOW HITPOINT WARNING * * *
You closely miss the gnoll.
The gnoll is severely wounded.
The gnoll hits you with a +0 spear!
You die...

#.# #.#.# #.##÷..# #.# # #.#
#.##...# #.# .#.# #.##...#
####.######.#.# #.##...#
#.........#.#.###.##...###.
#########.#.#.##.>..........
...................=.#.....
##.#####.#.#..........<....
####.#'#...@†....##.###
#..........g.....# .#
+.....÷..........#
#..................
#........#.###...... ..
######......####.### #.
#............#.... #.
#.......#..#.#.#.# #.
##.......#..#.#.# #!


You could see a gnoll.

Vanquished Creatures
  Jessica (D:2)
  2 adders (D:2)
  A dart slug (D:2)
  A ball python (D:1)
  A giant cockroach (D:1)
  2 hobgoblins
  2 jackals (D:2)
  A quokka (D:2)
  5 bats
  2 frilled lizards
  4 goblins
  2 kobolds (D:1)
  3 rats (D:1)
27 creatures vanquished.

Notes
Turn   | Place    | Note
-------+----------+-------------------------------------------
     0 | Abyss:1  | MisterFreud the Minotaur Abyssal Knight began the quest for
                  | the Orb.
     0 | Abyss:1  | Reached XP level 1. HP: 19/19 MP: 1/1
    10 | D:1      | Escaped the Abyss
   121 | D:1      | You fall into a shaft and drop 1 floor!
   121 | D:2      | Noticed an iguana
   134 | D:2      | HP: 1/20 [adder (3)]
   142 | D:2      | Reached skill level 4 in Fighting
   142 | D:2      | Reached XP level 2. HP: 7/28 MP: 2/2
   378 | D:2      | Noticed Jessica
   391 | D:2      | Killed Jessica
   391 | D:2      | Reached skill level 5 in Fighting
   391 | D:2      | Reached XP level 3. HP: 31/36 MP: 3/3
   515 | D:1      | Reached ** piety under Lugonu
  1072 | D:2      | Reached skill level 6 in Fighting
  1072 | D:2      | Reached XP level 4. HP: 27/44 MP: 4/4
  1092 | D:2      | Slain by a gnoll

Levels and vault maps discovered:
D:1:      nzn_arrival_depleted_hourglass, layout_loops_ring
D:2:      layout_basic, elyvilon_altar_5, uniq_jessica

Skill      XL: |  1  2  3 |
---------------+----------+-----
Fighting       | 4 5 6 |  6.0
Long Blades    | |  2.4
Armour         | |  2.4
Dodging        | |  1.1
Invocations    | |  1.7

Action                   |  1- 3 |  4- 6 || total
-------------------------+-------+-------++-------
Melee: Falchion          |    50 |     9 ||    59
       Headbutt          |     7 |       ||     7
  Use: Potion            |     1 |       ||     1
  Eat: Chunk             |       |     1 ||     1
Armor: Leather armour    |    18 |     3 ||    21
Dodge: Dodged            |    43 |     4 ||    47
       Rpst.: Falchion   |     9 |     1 ||    10

Table legend:
 A = Non-vault XP
 B = Vault XP
 C = Vault XP percentage of total XP
 D = Non-vault monster count
 E = Vault monster count
 F = Vault count percentage of total count
                 A         B        C        D         E       F
            +---------+---------+-------+---------+---------+-------
      Total |      67 |      37 |  35.6 |      26 |       1 |   3.7
            +---------+---------+-------+---------+---------+-------
        D:1 |      19 |       0 |   0.0 |      13 |       0 |   0.0
        D:2 |      48 |      37 |  43.5 |      13 |       1 |   7.1
            +---------+---------+-------+---------+---------+-------
